 Dungeon Crawl Stone Soup version 0.19-a0-1827-g174f941 (webtiles) character file.

9 Charly the Sneak (level 2, -5/13 HPs)
             Began as a Spriggan Enchanter on Oct 7, 2016.
             Slain by an orc
             ... wielding a +0 flail
              (6 damage)
             ... on level 5 of the Dungeon.
             The game lasted 00:05:35 (253 turns).

Charly the Sneak (Spriggan Enchanter)                Turns: 253, Time: 00:05:36

Health: -5/13      AC:  3    Str:  4    XL:     2   Next: 3%
Magic:  3/6        EV: 18    Int: 16    God:
Gold:   0          SH:  0    Dex: 16    Spells: 2 memorised, 3 levels left

rFire  . . .     SeeInvis +     a - +1 dagger
rCold  . . .     Gourm    .     b - +1 robe
rNeg   . . .     Faith    .     (shield restricted)
rPois  .         Spirit   .     (helmet restricted)
rElec  .         Dismiss  .     (no cloak)
rCorr  .         Reflect  .     (gloves unavailable)
MR     .....     Harm     .     (boots unavailable)
Stlth  +++.......               (no amulet)
                                (no ring)
                                (no ring)

@: marked, very quick
A: unfitting armour, see invisible, herbivore 3, speed 3, slow metabolism 2
a: no special abilities


You were on level 5 of the Dungeon.
You were not hungry.

You visited 1 branch of the dungeon, and saw 5 of its levels.

Inventory:

Hand Weapons
 a - a +1 dagger (weapon)
Armour
 b - a +1 robe (worn)
Scrolls
 f - a scroll of random uselessness {unknown}
 h - a scroll of teleportation {unknown}
 i - 3 scrolls of fog {unknown}
 j - 2 scrolls of immolation {unknown}
Potions
 e - 3 potions of curing {unknown}
 g - a potion of heal wounds {unknown}
 k - a potion of resistance {unknown}
 l - a potion of agility {unknown}
Books
 c - a book of Maledictions

   Spells                             Type                      Level
   a - Corona                         Hexes                        1
   b - Ensorcelled Hibernation        Hexes/Ice                    2
   c - Confuse                        Hexes                        3
   d - Tukima's Dance                 Hexes                        3
   e - Dazzling Spray                 Conjuration/Hexes            3
Comestibles
 d - 2 bread rations


   Skills:
 - Level 1.1 Short Blades
 - Level 3.0 Dodging
 * Level 4.7 Stealth
 - Level 2.6 Spellcasting
 + Level 4.1 Hexes


You had 3 spell levels left.
You knew the following spells:

 Your Spells              Type           Power        Failure   Level  Hunger
a - Corona                Hex            ###....      4%          1    #......
h - Ensorcelled Hibernat  Hex/Ice        #.....       14%         2    ##.....


Dungeon Overview and Level Annotations

Branches:
Dungeon (5/15)
 Temple: D:4-7

Altars:

Annotations:
D:3 Grinder
D:5 Menkaure


Innate Abilities, Weirdness & Mutations

You are very small and have problems with some larger weapons.
You are too small for most types of armour.
You have supernaturally acute eyesight. (SInv)
You are a herbivore.
You cover ground extremely quickly.
You need consume almost no food.


Message History

The magic dart hits you!
* * * LOW HITPOINT WARNING * * *
The jackal barely misses you.
Menkaure calls on the powers of darkness!
You feel a surge of unholy energy.
The jackal convulses! x2
The orc wizard convulses!
The orc convulses!
The ball python convulses!
The giant cockroach convulses!
The orc convulses! x2
The orc closely misses you. The jackal closely misses you.
The orc wizard gestures wildly while chanting.
The orc wizard blinks!
You are too injured to fight recklessly!
You hit the orc but do no damage.
The orc is heavily wounded.
The jackal barely misses you. x2; Menkaure hits you but does no damage.
The jackal bites you but does no damage.
There are no items here.
You hit the giant cockroach.
The giant cockroach is severely wounded.
The giant cockroach closely misses you. The orc hits you with a flail.
You die...

#+## . .....####.## .. #.
...... .!.# .. #.##...#
#!.#.[ ......# #.o#.### #
#....####.o#.#.##
..#####....##.........#
...........##.#os#....#
..............o.@M.#..#
..........<##.<.hh##..###
................S.......#
.........##.#.#...#..####
..................#..#
....####.##.#.#..##..#
.... #..........##..#
#### #..........##..#
#...............


You could see Menkaure, an orc wizard, 3 orcs, 2 jackals, a giant cockroach and
a ball python.

Vanquished Creatures
  2 leopard geckos (D:4)
  2 goblins (D:3)
  A bat (D:1)
  A kobold (D:1)
  A rat (D:2)
7 creatures vanquished.

Notes
Turn   | Place    | Note
-------+----------+-------------------------------------------
     0 | D:1      | Charly the Spriggan Enchanter began the quest for the Orb.
     0 | D:1      | Reached XP level 1. HP: 9/9 MP: 5/5
   163 | D:3      | Noticed Grinder
   179 | D:4      | Reached XP level 2. HP: 13/13 MP: 6/6
   183 | D:4      | Learned a level 2 spell: Ensorcelled Hibernation
   199 | D:5      | Entered Level 5 of the Dungeon
   238 | D:5      | Noticed Menkaure
   253 | D:5      | Slain by an orc

Vault maps used:
D:1:      lightli_arrival_noodles
D:2:      nicolae_overflow_hidden_temple
D:3:      first_bread, st_stairs_12, uniq_grinder, uniq_iyjb
D:4:      ashenzari_conservatory_becter, grunt_ministairs_4
D:5:      uniq_menkaure

Skill      XL: |  1 |
---------------+----+-----
Hexes          | 4 |  4.1
Short Blades   | |  1.1
Dodging        | |  3.0
Stealth        | |  4.7
Spellcasting   | |  2.6

Action                   || total
-------------------------++-------
Melee: Dagger            ||    11
 Cast: Corona            ||     1
       Ensorcelled Hiber ||     3
 Stab: Sleeping          ||     6
Armor: Robe              ||     4
Dodge: Dodged            ||    24
